 Dungeon Crawl Stone Soup version 0.17-a0-1636-g3119f2b (webtiles) character file.

2901 karlkraus the Grappler (level 9, -15/88 HPs)
             Began as a Troll Monk on Aug 5, 2015.
             Was an Elder of Ru.
             Demolished by an eight-headed hydra (16 damage)
             ... on level 8 of the Dungeon.
             The game lasted 00:14:10 (6923 turns).

karlkraus the Grappler (Troll Monk)                 Turns: 6923, Time: 00:14:12

Health: -15/88     AC:  5    Str: 25    XL:     9   Next: 49%
Magic:  8/8        EV: 13    Int:  6    God:    Ru [****..]
Gold:   492        SH:  0    Dex: 13    Spells: 0 memorised, 8 levels left

rFire  . . .     SeeInvis .     J - +0 blowgun
rCold  . . .     Clarity  .     a - +0 robe
rNeg   . . .     SustAt   .     (no shield)
rPois  .         Gourm    +     (helmet restricted)
rElec  .         Spirit   .     (no cloak)
rCorr  .         Warding  .     (gloves unavailable)
rMut   .         Stasis   .     (boots unavailable)
MR     .....                    (no amulet)
Stlth  ++........               (no ring)
                                C - +2 ring of strength

@: not resistant to hostile enchantments, unstealthy
A: unfitting armour, claws 3, fast metabolism 3, gourmand, regeneration 2,
shaggy fur 1, tough skin 2, inability to use devices, magic vulnerability 1
a: Draw Out Power, Power Leap, Renounce Religion


You were on level 8 of the Dungeon.
You worshipped Ru.
Ru was greatly pleased with you.
You were very full.

You visited 2 branches of the dungeon, and saw 9 of its levels.
You also visited: Sewer.

You collected 492 gold pieces.

Inventory:

Hand weapons
 J - a +0 blowgun (weapon)
Missiles
 K - 3 curare-tipped needles (quivered)
Armour
 a - a +0 robe (worn)
Jewellery
 C - a +2 ring of strength (left claw)
Magical devices
 F - a wand of draining (5)
 M - a wand of paralysis (11)
Scrolls
 d - 2 scrolls of noise {unknown}
 f - 2 scrolls of fear {unknown}
 g - 7 scrolls of remove curse {unknown}
 h - 6 scrolls of magic mapping {unknown}
 k - 3 scrolls of teleportation {unknown}
 l - 4 scrolls of identify {unknown}
 m - 3 scrolls of amnesia {unknown}
 q - a scroll of enchant armour {unknown}
 r - 3 scrolls of random uselessness {unknown}
 u - 2 scrolls of blinking {unknown}
 w - a scroll of fog {unknown}
 y - a scroll of silence {unknown}
 I - a scroll of enchant weapon {unknown}
 N - a scroll of immolation {unknown}
Potions
 c - a potion of resistance {unknown}
 e - 7 potions of curing
 i - 3 potions of flight {unknown}
 n - a potion of haste {unknown}
 o - a potion of ambrosia {unknown}
 s - a potion of cure mutation {unknown}
 x - 3 potions of heal wounds {unknown}
 z - a potion of cancellation {unknown}
 A - 2 potions of degeneration {unknown}
 B - a potion of poison {unknown}
 E - a potion of magic {unknown}
 G - a potion of might {unknown}
 H - a potion of mutation {unknown}
Books
 t - a Young Poisoner's Handbook

   Spells                             Type                      Level
   a - Sting                          Conjuration/Poison           1
   b - Cure Poison                    Poison                       2
   c - Mephitic Cloud                 Conjuration/Poison/Air       3
   d - Olgreb's Toxic Radiance        Poison                       4
   e - Venom Bolt                     Conjuration/Poison           5
Comestibles
 b - 6 bread rations
 j - 2 fruits
 p - 3 meat rations
 v - a royal jelly
 D - a beef jerky
 L - 6 chunks of flesh


   Skills:
 + Level 5.5 Fighting
 + Level 7.1 Dodging
 + Level 3.1 Stealth
 + Level 8.5 Unarmed Combat


You had 8 spell levels left.
You didn't know any spells.

Dungeon Overview and Level Annotations

Branches:
Dungeon (8/15)             Temple (1/1) D:5
   Lair: D:8-11

Altars:
Ashenzari
Dithmenos
Elyvilon
Fedhas
Kikubaaqudgha
Makhleb
Nemelex Xobeh
Okawaru
Ru
Sif Muna
Trog
Vehumet
Xom
Yredelemnul
The Shining One


Innate Abilities, Weirdness & Mutations

You are too large for most types of armour.
You have claws for hands.
Your metabolism is lightning-fast.
You like to eat raw meat.
You heal very quickly.
You are covered in fur (AC +1).
You have very tough skin (AC +2).
You cannot study or use magical devices.
You are slightly vulnerable to magic.


Message History

You are too injured to fight recklessly!
You are too injured to fight recklessly!
Firing (i - inventory): No suitable missiles.
Press: ? - help, Shift-Dir - straight line, f - eight-headed hydra
Aim: an eight-headed hydra (moderately wounded, softly glowing)
Okay, then.
Quivering
K - 4 curare-tipped needles for throwing.
J - a +0 blowgun (weapon)
A worker ant comes into view.
Firing (i - inventory):
K - 4 curare-tipped needles (quivered)
Press: ? - help, Shift-Dir - straight line, f/p - eight-headed hydra
Aim: an eight-headed hydra (moderately wounded, softly glowing)
You shoot a curare-tipped needle.
The worker ant twitches its antennae in your direction.
The curare-tipped needle hits the eight-headed hydra.
The eight-headed hydra is moderately wounded.
The eight-headed hydra bites you.
* * * LOW HITPOINT WARNING * * *
The eight-headed hydra bites you!
You die...

..._..#. .......
.....## ##.....####
###.........##
..o..........
#oDa...# ##..@..#
#......#
#.....###.## #....#
#..# #...# #..# #.
a...## ##.## #.
......# ##..####..
.#
#...##.............
#.....#...##. ...


You could see an eight-headed hydra, 2 worker ants and 2 orcs.

Vanquished Creatures
  A hippogriff (D:8)
  A deep elf mage (D:7)
  The ghost of karlkraus the Sneak, an average OpMo of Okawaru (Sewer)
  A phantom (D:7)
  Purgy (Sewer)
  An ice beast (D:7)
  A wasp (D:7)
  An orc warrior (D:8)
  3 centaurs
  An ogre (D:8)
  2 big kobolds
  4 giant frogs
  2 scorpions
  6 crimson imps
  A giant frog zombie (D:6)
  3 jellies
  2 hounds
  4 orc priests
  4 orc wizards
  6 iguanas
  6 worker ants
  A mummy (D:6)
  A hound skeleton (D:7)
  2 river rats (D:6)
  8 adders
  3 gnolls
  An ooze (D:2)
  4 adder skeletons
  4 worms
  8 giant geckos
  25 orcs
  5 ball pythons
  7 giant cockroaches
  10 hobgoblins
  8 jackals
  A ball python zombie (D:6)
  8 bats
  A giant gecko zombie (D:8)
  13 giant newts
  5 goblins
  8 kobolds
  2 quokkas
  A quokka skeleton (D:7)
  6 rats
184 creatures vanquished.

Vanquished Creatures (others)
  A quokka (D:6)
1 creature vanquished.

Grand Total: 185 creatures vanquished

Notes
Turn   | Place    | Note
--------------------------------------------------------------
     0 | D:1      | karlkraus the Troll Monk began the quest for the Orb.
     0 | D:1      | Reached XP level 1. HP: 22/22 MP: 0/0
   441 | D:1      | Reached XP level 2. HP: 27/29 MP: 1/1
   875 | D:2      | Reached XP level 3. HP: 36/36 MP: 2/2
  1591 | D:3      | Reached XP level 4. HP: 44/44 MP: 3/3
  2522 | D:4      | Reached XP level 5. HP: 30/53 MP: 4/4
  2620 | D:4      | Reached skill level 5 in Unarmed Combat
  2938 | D:4      | Reached XP level 6. HP: 61/61 MP: 5/5
  3042 | D:4      | Noticed a big kobold
  3060 | D:4      | Killed a big kobold
  3376 | D:5      | Entered Level 5 of the Dungeon
  3508 | D:5      | Reached XP level 7. HP: 68/68 MP: 6/6
  3576 | D:5      | Reached skill level 6 in Unarmed Combat
  3584 | D:5      | Found a staircase to the Ecumenical Temple.
  3636 | Temple   | Entered the Ecumenical Temple
  4352 | D:6      | Reached skill level 5 in Dodging
  4421 | D:6      | Found a glowing drain.
  4426 | Sewer    | Entered a sewer
  4445 | Sewer    | Noticed Purgy
  4445 | Sewer    | Noticed karlkraus's ghost (average OpMo)
  4467 | Sewer    | Killed karlkraus's ghost
  4467 | Sewer    | Reached XP level 8. HP: 44/79 MP: 7/7
  4475 | Sewer    | Killed Purgy
  4696 | D:6      | Reached skill level 7 in Unarmed Combat
  4764 | D:6      | Found a sacrificial altar of Ru.
  4778 | D:6      | Became a worshipper of Ru the Awakened
  4789 | D:6      | Gained mutation: You are slightly vulnerable to magic. [Ru sacrifice]
  4789 | D:6      | Acquired Ru's first power
  4988 | D:6      | Found a sparkling altar of Nemelex Xobeh.
  4991 | D:6      | Found a radiant altar of Vehumet.
  4994 | D:6      | Found a shadowy altar of Dithmenos.
  5004 | D:6      | Found a blossoming altar of Fedhas.
  5668 | D:7      | Found a white marble altar of Elyvilon.
  5685 | D:7      | Reached skill level 5 in Fighting
  5768 | D:7      | Found a bloodstained altar of Trog.
  5802 | D:7      | Reached XP level 9. HP: 70/88 MP: 8/8
  6268 | D:7      | Reached skill level 8 in Unarmed Combat
  6800 | D:8      | Gained mutation: You cannot study or use magical devices. [Ru sacrifice]
  6800 | D:8      | Acquired Ru's second power
  6800 | D:8      | Acquired Ru's third power
  6800 | D:8      | Acquired Ru's fourth power
  6916 | D:8      | Noticed a six-headed hydra
  6918 | D:8      | Found a burning altar of Makhleb.
  6921 | D:8      | HP: 3/88 [eight-headed hydra (12)]
  6923 | D:8      | HP: 1/88 [eight-headed hydra (3)]
  6923 | D:8      | Demolished by an eight-headed hydra

Vault maps used:
D:1:      minmay_arrival_nine_rooms, corexii_hall_statues_x
D:3:      first_bread, minmay_liquid_box
D:5:      minmay_temple_entry_statues_fountains, amalloy_card_club
D:6:      nicolae_ru_great_annihilating_truth, grunt_temple_overflow_cloverleaf,
          gup_sewer_entry_spiral, gup_ossuary_entry_pyramid,
          hangedman_decor_riveting, minivault_25
D:7:      lemuel_round_altar, elyvilon_altar_5
D:8:      hangedman_little_slice_of_home, bloody_makhleb
Temple:   nicolae_temple_great_sept
Sewer:    sewer_co_purgy_island

Action                   |  1- 3 |  4- 6 |  7- 9 || total
-------------------------+-------+-------+-------++-------
Melee: Unarmed           |    71 |   178 |   317 ||   566
 Fire: Blowgun           |       |       |     1 ||     1
Invok: Sacrifice Essence |       |       |     1 ||     1
       Sacrifice Artific |       |       |     1 ||     1
  Use: Potion            |       |       |     1 ||     1
 Stab: Sleeping          |     2 |     2 |     7 ||    11
  Eat: Chunk             |     6 |    22 |    33 ||    61
       Bread ration      |     1 |       |       ||     1
       Fruit             |       |     1 |       ||     1
       Beef jerky        |       |     1 |       ||     1
